 Dungeon Sprint DCSS version 0.29-a0-297-g7659ce593d (webtiles) character file.

Game seed: 18273814191199944415

10400000 epen the Champion of Chaos (level 27, -4/249 HPs)
             Began as a Gnoll Monk on Mar 20, 2022.
             Was the Champion of Makhleb.
             Engulfed by a cloud of flame (24 damage)
             ... in the Dungeon (Sprint VIII: "Arena of Blood").
             The game lasted 00:03:27 (104 turns).

epen the Champion of Chaos (Gnoll Monk)              Turns: 104, Time: 00:03:27

Health: -4/249     AC:  4    Str: 12    XL:     27
Magic:  26/54      EV: 38    Int: 12    God:    Makhleb [******]
Gold:   0          SH:  0    Dex: 25    Spells: 80/80 levels left

rFire   . . .      SeeInvis .   j - +∞ Axe of Woe
rCold   . . .      Faith    .   (shield currently unavailable)
rNeg    . . .      Spirit   .   b - +0 robe
rPois   .          Reflect  .   (no helmet)
rElec   .          Harm     .   (no cloak)
rCorr   .          Rampage  .   (no gloves)
Will    ++...      NoTele   +   (no boots)
Stlth   ++++++++++              (no amulet)
HPRegen 0.51/turn               o - +250 ring of slaying
MPRegen 0.34/turn               n - +250 ring of slaying

@: no status effects
A: fangs 1, strong nose, distributed training
a: Renounce Religion, Minor Destruction, Lesser Servant of Makhleb, Major
Destruction, Greater Servant of Makhleb


You were in the Dungeon.
You worshipped Makhleb.
Makhleb was exalted by your worship.
You visited 1 branch

Inventory:

Hand Weapons
 a - a +0 hand axe
 j - the +∞ Axe of Woe (weapon)
   (You found it in the Dungeon)
Armour
 b - a +0 robe (worn)
Jewellery
 k - a +30 ring of slaying
 l - a +30 ring of slaying
 m - a +200 ring of slaying
 n - a +250 ring of slaying (right hand)
 o - a +250 ring of slaying (left hand)
Scrolls
 i - a scroll of blinking
Potions
 c - a potion of ambrosia
 d - a potion of curing
 e - a potion of heal wounds
 f - a potion of haste
 g - 2 potions of magic
 h - a potion of berserk rage


   Skills:
 O Level 27 Fighting
 O Level 27 Short Blades
 O Level 27 Long Blades
 O Level 27 Axes
 O Level 27 Maces & Flails
 O Level 27 Polearms
 O Level 27 Staves
 O Level 27 Slings
 O Level 27 Bows
 O Level 27 Crossbows
 O Level 27 Throwing
 O Level 27 Armour
 O Level 27 Dodging
 O Level 27 Stealth
 O Level 27 Shields
 O Level 27 Unarmed Combat
 O Level 27 Spellcasting
 O Level 27 Conjurations
 O Level 27 Hexes
 O Level 27 Summonings
 O Level 27 Necromancy
 O Level 27 Translocations
 O Level 27 Transmutations
 O Level 27 Fire Magic
 O Level 27 Ice Magic
 O Level 27 Air Magic
 O Level 27 Earth Magic
 O Level 27 Poison Magic
 O Level 27 Invocations
 O Level 27 Evocations


You had 80 spell levels left.
You didn't know any spells.
Your spell library was empty.

Dungeon Overview and Level Annotations

Branches:
Dungeon (1/1)

Altars:
Makhleb


Innate Abilities, Weirdness & Mutations

You have very sharp teeth.
Your uncanny sense of smell can sniff out nearby items.
Your experience applies equally to all skills.


Message History

You are engulfed in blazing flames.
You hear a shout! x3
A destroyer comes into view. It is wielding a +9 vorpal great sword.
You hear a shout! x3
A bag of meat comes into view. It is wielding a +9 war axe.
You hear a shout! x4
Search for what [Enter for "."]? .
Unknown command.
You are engulfed in blazing flames.
You hear a shout! x3; You feel something staring at you.
A fireball appears from out of thin air!
The fireball explodes!
Deactivating autopickup; reactivate with Ctrl-A.
The fireball engulfs you!!!
You hear a shout! x4
The meat berserker is engulfed in blazing flames.
You hear a shout!
There is a burning altar of Makhleb, spattered with blood here.
You dice the meat berserker like an onion!!!!!
You dissect the meat berserker like a pig carcass.
You kill the meat berserker!
Makhleb accepts your kill.
You feel better.
You are engulfed in blazing flames.
You hear a shout! x3
A bolt of negative energy appears from out of thin air!
The bolt of negative energy hits you!!!!
You feel drained.
You hear a shout!
You feel something staring at you. Something smites you!
* * * LOW HITPOINT WARNING * * *
You hear a shout! x2; You feel something staring at you.
Something smites you!
* * * LOW HITPOINT WARNING * * *
You feel something staring at you. Something smites you!
* * * LOW HITPOINT WARNING * * *
You hear a shout! x2
Your life force feels restored.
A demon appears!
You are engulfed in blazing flames.
You die...

.......... .....
... #.... ..# oO
#... ..# .
VO.###... ..###..
VO......###.......
#o....){§_.......O
#2§)))# #@)<)_#
#)))))#
#O....))._......
.2......###......
...###.{{ ..###..
.. #... ..# .
#.... ..# .....
... .......


You could see a friendly cacodemon (summoned).

Vanquished Creatures
  3 hell beasts (D)
  3 royal mummies (D)
  A great orb of eyes (D)
  4 vampire knights (D)
  36 ogres (D)
  5 two-headed ogres (D)
  A lich (D)
  2 hydras (D)
  3 phantoms (D)
  32 orcs (D)
  7 skeletal warriors (D)
97 creatures vanquished.

Notes
Turn   | Place    | Note
-------+----------+-------------------------------------------
     0 | D        | Found the +∞ Axe of Woe
     0 | D        | epen the Gnoll Monk began the quest for the Orb.
     0 | D        | Reached XP level 1. HP: 23/23 MP: 1/1
     1 | D        | Noticed a meat berserker
     2 | D        | Noticed a bag of meat
     4 | D        | Noticed a meat berserker
     4 | D        | Became a worshipper of Makhleb the Destroyer
     4 | D        | Reached * piety under Makhleb
     4 | D        | Reached ** piety under Makhleb
     4 | D        | Noticed a meat berserker
     4 | D        | Noticed a bag of meat
     5 | D        | Killed a meat berserker
     5 | D        | Killed a meat berserker
     5 | D        | Noticed a meat berserker
     6 | D        | Reached XP level 2. HP: 43/43 MP: 1/16
     6 | D        | Reached XP level 3. HP: 49/49 MP: 1/17
     6 | D        | Reached XP level 4. HP: 56/56 MP: 1/19
     6 | D        | Reached XP level 5. HP: 62/62 MP: 1/20
     6 | D        | Reached XP level 6. HP: 69/69 MP: 1/22
     6 | D        | Reached XP level 7. HP: 75/75 MP: 1/23
     6 | D        | Reached XP level 8. HP: 82/82 MP: 1/25
     6 | D        | Reached XP level 9. HP: 88/88 MP: 1/26
     6 | D        | Reached XP level 10. HP: 95/95 MP: 1/27
     6 | D        | Reached XP level 11. HP: 101/101 MP: 1/28
     6 | D        | Reached XP level 12. HP: 108/108 MP: 1/29
     6 | D        | Reached XP level 13. HP: 114/114 MP: 1/30
     6 | D        | Noticed a bag of meat
     7 | D        | Noticed a meat berserker
     7 | D        | Noticed a bag of meat
     8 | D        | Killed a meat berserker
     8 | D        | Reached *** piety under Makhleb
     9 | D        | Reached skill level 15 in Fighting
     9 | D        | Reached skill level 15 in Axes
     9 | D        | Reached skill level 15 in Dodging
     9 | D        | Reached skill level 15 in Invocations
     9 | D        | Reached XP level 14. HP: 123/123 MP: 1/32
     9 | D        | Killed a bag of meat
     9 | D        | Killed a meat berserker
     9 | D        | Noticed a bag of meat
    10 | D        | Reached skill level 15 in Short Blades
    10 | D        | Reached skill level 15 in Long Blades
    10 | D        | Reached skill level 15 in Maces & Flails
    10 | D        | Reached skill level 15 in Polearms
    10 | D        | Reached skill level 15 in Staves
    10 | D        | Reached skill level 15 in Slings
    10 | D        | Reached skill level 15 in Bows
    10 | D        | Reached skill level 15 in Crossbows
    10 | D        | Reached skill level 15 in Throwing
    10 | D        | Reached skill level 15 in Armour
    10 | D        | Reached skill level 15 in Shields
    10 | D        | Reached skill level 15 in Unarmed Combat
    10 | D        | Reached skill level 15 in Spellcasting
    10 | D        | Reached skill level 15 in Evocations
    10 | D        | Reached XP level 15. HP: 134/134 MP: 1/34
    10 | D        | Reached **** piety under Makhleb
    12 | D        | Noticed a meat berserker
    13 | D        | Killed a meat berserker
    14 | D        | Killed a meat berserker
    15 | D        | Reached skill level 15 in Conjurations
    15 | D        | Reached skill level 15 in Hexes
    15 | D        | Reached skill level 15 in Summonings
    15 | D        | Reached skill level 15 in Necromancy
    15 | D        | Reached skill level 15 in Translocations
    15 | D        | Reached skill level 15 in Transmutations
    15 | D        | Reached skill level 15 in Fire Magic
    15 | D        | Reached skill level 15 in Ice Magic
    15 | D        | Reached skill level 15 in Air Magic
    15 | D        | Reached skill level 15 in Earth Magic
    15 | D        | Reached skill level 15 in Poison Magic
    15 | D        | Reached XP level 16. HP: 147/147 MP: 3/38
    15 | D        | Reached ***** piety under Makhleb
    19 | D        | Noticed a meat berserker
    21 | D        | Noticed a large bag of meat
    22 | D        | Reached XP level 17. HP: 156/156 MP: 4/40
    22 | D        | Noticed a destroyer
    23 | D        | Killed a meat berserker
    24 | D        | Noticed a meat berserker
    24 | D        | Noticed a meat berserker
    24 | D        | Noticed a meat berserker
    25 | D        | Killed a large bag of meat
    25 | D        | Noticed a meat berserker
    26 | D        | Killed a destroyer
    26 | D        | Noticed a meat berserker
    27 | D        | Reached XP level 18. HP: 163/171 MP: 5/44
    27 | D        | Noticed a meat berserker
    27 | D        | Noticed a large bag of meat
    27 | D        | Noticed a large bag of meat
    29 | D        | Killed a meat berserker
    30 | D        | Noticed a sculptor of flesh
    30 | D        | Killed a sculptor of flesh
    30 | D        | Killed a meat berserker
    30 | D        | Killed a meat berserker
    30 | D        | Reached ****** piety under Makhleb
    30 | D        | Killed a meat berserker
    31 | D        | Reached XP level 19. HP: 184/184 MP: 6/47
    31 | D        | Killed a meat berserker
    31 | D        | Noticed a destroyer
    32 | D        | Reached skill level 27 in Invocations
    32 | D        | Killed a meat berserker
    33 | D        | Reached XP level 20. HP: 195/195 MP: 7/49
    35 | D        | Killed a large bag of meat
    36 | D        | Reached skill level 27 in Fighting
    36 | D        | Reached skill level 27 in Short Blades
    36 | D        | Reached skill level 27 in Long Blades
    36 | D        | Reached skill level 27 in Axes
    36 | D        | Reached skill level 27 in Maces & Flails
    36 | D        | Reached skill level 27 in Polearms
    36 | D        | Reached skill level 27 in Staves
    36 | D        | Reached skill level 27 in Slings
    36 | D        | Reached skill level 27 in Bows
    36 | D        | Reached skill level 27 in Crossbows
    36 | D        | Reached skill level 27 in Throwing
    36 | D        | Reached skill level 27 in Armour
    36 | D        | Reached skill level 27 in Dodging
    36 | D        | Reached skill level 27 in Stealth
    36 | D        | Reached skill level 27 in Shields
    36 | D        | Reached skill level 27 in Unarmed Combat
    36 | D        | Reached skill level 27 in Spellcasting
    36 | D        | Reached skill level 27 in Evocations
    36 | D        | Killed a destroyer
    37 | D        | Reached XP level 21. HP: 204/204 MP: 8/52
    37 | D        | Killed a large bag of meat
    39 | D        | Noticed a large bag of meat
    40 | D        | Reached skill level 27 in Conjurations
    40 | D        | Reached skill level 27 in Hexes
    40 | D        | Reached skill level 27 in Summonings
    40 | D        | Reached skill level 27 in Necromancy
    40 | D        | Reached skill level 27 in Translocations
    40 | D        | Reached skill level 27 in Transmutations
    40 | D        | Reached skill level 27 in Fire Magic
    40 | D        | Reached skill level 27 in Ice Magic
    40 | D        | Reached skill level 27 in Air Magic
    40 | D        | Reached skill level 27 in Earth Magic
    40 | D        | Reached skill level 27 in Poison Magic
    42 | D        | Killed a large bag of meat
    42 | D        | Noticed a meat berserker
    42 | D        | Noticed a destroyer
    42 | D        | Noticed a destroyer
    44 | D        | Reached XP level 22. HP: 137/212 MP: 9/53
    44 | D        | Killed a destroyer
    45 | D        | Noticed an accursed
    45 | D        | Killed an accursed
    46 | D        | Reached XP level 23. HP: 179/219 MP: 10/54
    46 | D        | Killed a destroyer
    53 | D        | Noticed an accursed
    54 | D        | Noticed a tyrant
    54 | D        | Noticed an accursed
    62 | D        | Noticed a meat beast
    65 | D        | Reached XP level 24. HP: 191/227 MP: 15/54
    68 | D        | Killed an accursed
    69 | D        | Killed a meat beast
    70 | D        | Reached XP level 25. HP: 128/234 MP: 16/54
    71 | D        | Killed an accursed
    73 | D        | Reached XP level 26. HP: 141/242 MP: 17/54
    75 | D        | Killed a tyrant
    78 | D        | Noticed a meat beast
    83 | D        | Noticed a large bag of meat
    90 | D        | Reached XP level 27. HP: 123/249 MP: 22/54
    90 | D        | Killed a meat beast
    92 | D        | Killed a large bag of meat
    96 | D        | Noticed a meat beast
   100 | D        | Noticed a destroyer
   100 | D        | Noticed a large bag of meat
   100 | D        | Noticed a large bag of meat
   101 | D        | Killed a meat beast
   101 | D        | Noticed a destroyer
   104 | D        | Engulfed by a cloud of flame

Illustrated notes

Levels and vault maps discovered:
D:        meatsprint

Skill      XL: |  1  2  3  4  5  6  7  8  9 10 11 12 13 14 15 16 17 18 19 20 21 |
---------------+----------------------------------------------------------------+-----
Fighting       | 14 15 17 19 20 23 25 26 27 | 27.0
Short Blades   | 13 14 15 18 19 22 24 25 27 | 27.0
Long Blades    | 13 14 15 18 19 22 24 25 27 | 27.0
Axes           | 14 15 17 19 20 23 25 26 27 | 27.0
Maces & Flails | 13 14 15 18 19 22 24 25 27 | 27.0
Polearms       | 13 14 15 18 19 22 24 25 27 | 27.0
Staves         | 13 14 15 18 19 22 24 25 27 | 27.0
Slings         | 13 14 15 18 19 22 24 25 27 | 27.0
Bows           | 13 14 15 18 19 22 24 25 27 | 27.0
Crossbows      | 13 14 15 18 19 22 24 25 27 | 27.0
Throwing       | 13 14 15 18 19 22 24 25 27 | 27.0
Armour         | 13 14 15 18 19 22 24 25 27 | 27.0
Dodging        | 14 15 17 19 20 23 25 26 27 | 27.0
Stealth        | 13 14 16 19 20 22 25 26 27 | 27.0
Shields        | 13 14 15 18 19 22 24 25 27 | 27.0
Unarmed Combat | 13 14 15 18 19 22 24 25 27 | 27.0
Spellcasting   | 13 14 15 18 19 22 24 25 27 | 27.0
Conjurations   | 11 12 13 15 16 19 21 22 25 27 | 27.0
Hexes          | 11 12 13 15 16 19 21 22 25 27 | 27.0
Summonings     | 11 12 13 15 16 19 21 22 25 27 | 27.0
Necromancy     | 11 12 13 15 16 19 21 22 25 27 | 27.0
Translocations | 11 12 13 15 16 19 21 22 25 27 | 27.0
Transmutations | 11 12 13 15 16 19 21 22 25 27 | 27.0
Fire Magic     | 11 12 13 15 16 19 21 22 25 27 | 27.0
Ice Magic      | 11 12 13 15 16 19 21 22 25 27 | 27.0
Air Magic      | 11 12 13 15 16 19 21 22 25 27 | 27.0
Earth Magic    | 11 12 13 15 16 19 21 22 25 27 | 27.0
Poison Magic   | 11 12 13 15 16 19 21 22 25 27 | 27.0
Invocations    | 14 15 17 20 21 24 26 27 | 27.0
Evocations     | 13 14 15 18 19 22 24 25 27 | 27.0

Action                   |  1- 3 |  4- 6 |  7- 9 | 10-12 | 13-15 | 16-18 | 19-21 | 22-24 | 25-27 || total
-------------------------+-------+-------+-------+-------+-------+-------+-------+-------+-------++-------
Melee: Executioner's axe |     1 |       |       |       |     5 |     8 |     9 |    11 |    20 ||    54
Invok: Greater Servant o |       |       |       |       |       |     1 |       |     1 |     3 ||     5
 Stab: Distracted        |       |       |       |       |       |       |       |     1 |       ||     1
Dodge: Dodged            |       |       |       |       |       |       |       |       |     8 ||     8

Table legend: (Time is in decaauts)
 A = Elapsed time spent in this place.
 B = Non-inter-level travel time spent in this place.
 C = Inter-level travel time spent in this place.
 D = Time resting spent in this place.
 E = Time spent auto-exploring this place.
 F = Levels seen in this place.
 G = Mean time per level.
                   A        B        C        D        E       F      G
               +--------+--------+--------+--------+--------+-----+--------+
         Total |     85 |     85 |      0 |      0 |      0 |   1 |   85.0 |
       Dungeon |     85 |     85 |      0 |      0 |      0 |   1 |   85.0 |
               +--------+--------+--------+--------+--------+-----+--------+

Top non-repeatable levels by time:
       D: 85 daAuts
